 Dungeon Crawl Stone Soup version 0.30-a0-847-g17996783a1 (webtiles) character file.

Game seed: 10948036513784623265

26 qeuew the Covered (level 2, 22/22 HPs)
             Began as a Demigod Fighter on Mar 3, 2023.
             Quit the game on level 1 of the Dungeon.
             The game lasted 00:01:04 (662 turns).

qeuew the Covered (Demigod Fighter)                  Turns: 662, Time: 00:01:05

Health: 22/22      AC:  6    Str: 17    XL:     2   Next: 69%
Magic:  4/4        EV:  9    Int: 10    God:
Gold:   33         SH:  4    Dex: 13    Spells: 1/1 levels left

rFire   . . .      SeeInvis .    a - +0 war axe
rCold   . . .      Faith    .    c - +0 buckler
rNeg    . . .      Spirit   .    b - +0 scale mail
rPois   +          Reflect  .    (no helmet)
rElec   .          Rampage  .    (no cloak)
rCorr   .                        (no gloves)
Will    .....                    (no boots) Stlth
                                 (no amulet)
HPRegen 0.23/turn                (no ring)
MPRegen 0.09/turn                (no ring)

@: no status effects
A: high MP 1, forlorn, divine attributes, deterioration 1, frail 1, poison
resistance
a: no special abilities


You were on level 1 of the Dungeon.
You visited 1 branch of the dungeon, and saw 1 of its levels.

You collected 33 gold pieces.

Inventory:

Hand Weapons
 a - a +0 war axe (weapon)
Armour
 b - a +0 scale mail (worn)
 c - a +0 buckler (worn)
Scrolls
 e - a scroll of fear
 i - a scroll of magic mapping
Potions
 d - a potion of might
 f - a potion of curing
 j - a potion of invisibility {unknown}
 k - a potion of flight {unknown}
 l - a potion of experience {unknown}
 n - a potion of haste {unknown}
 o - a potion of heal wounds {unknown}


   Skills:
 + Level 2.9 Fighting
 * Level 2.2 Axes
 * Level 3.0 Armour
 + Level 0.7 Dodging
 + Level 2.8 Shields


You had one spell level left.
You didn't know any spells.
Your spell library was empty.

Dungeon Overview and Level Annotations

Branches:
Dungeon (1/15)


Innate Abilities, Weirdness & Mutations

You have an increased reservoir of magic. (+10% MP)
You shall have no god before yourself.
Your divine heritage dramatically boosts your attributes as you level up.
Your body sometimes deteriorates upon taking damage.
You are frail. (-10% HP)
Your system is resistant to poisons. (rPois)


Message History

No target in view!
No target in view!
No target in view!
No target in view!
No target in view!
You see here a bat corpse.
Found a spear.
Found a leather armour.
You see here a +0 leather armour.
Done exploring.
Done exploring.
No target in view!
No target in view!
No target in view!
No target in view!
No target in view!
No target in view!
No target in view!
No target in view!
Done exploring.
As you read the scroll labelled ZIKKOO JULI, it crumbles to dust.
You assume a fearsome visage.
Nothing appears to happen.
It was a scroll of fear.
As you read the scroll labelled BUINKE DEAPUE, it crumbles to dust.
The scroll dissolves into smoke.
It was a scroll of fog.
As you read the scroll labelled HOPNOD SIEHOPI, it crumbles to dust.
You feel momentarily disoriented.
It was a scroll of magic mapping.
As you read the scroll labelled EZAPYLL EHASI, it crumbles to dust.
It is a scroll of identify.
f - a potion of curing It was a potion of mutation.
You feel extremely strange.
You feel frail.
Your feet thicken and deform.
Your fingernails lengthen.
Okay, then.
Really quaff the potion of mutation?
You feel extremely strange.
You feel robust.
Your hooves expand and flesh out into feet!
Your fingernails shrink to normal size.
You feel yourself wasting away.
You feel frail.
You feel resistant to poisons.
Are you sure you want to abandon this character and quit the game? (Confirm with "yes".)

#.### #..####~~.~.~.~~.~.
#...####.......~~~.≈..~..~
###......####..~≈~~~~~≈≈~.
#..##### #..~~≈≈≈≈≈≈≈~~
#......# #.~.≈)≈~~~≈≈~.
#.####.# #..~≈≈~..~≈≈~~
#.####§# #...~≈~~_.~≈≈≈
#....#§####..~~~≈.~.~≈≈~
#....#§@§##...~≈~~~~~≈≈≈
##...###§###~.~≈≈~~≈~≈~~
#.....#§§..~.~≈~~≈~≈~~.
#...#.#..##~.....~~...~
#...#.#...#..~~..~.~~~.
#...#.#.#.#####...####.
#####.#.#.##..'...# #.
#.#...##.##...# ##
#.######.##...#


There were no monsters in sight!

Vanquished Creatures
  2 endoplasms (D:1)
  A hobgoblin (D:1)
  2 ball pythons (D:1)
  4 bats (D:1)
  4 frilled lizards (D:1)
  4 goblins (D:1)
  7 kobolds (D:1)
  2 rats (D:1)
26 creatures vanquished.

Notes
Turn   | Place    | Note
-------+----------+-------------------------------------------
     0 | D:1      | qeuew the Demigod Fighter began the quest for the Orb.
     0 | D:1      | Reached XP level 1. HP: 18/18 MP: 3/3
   230 | D:1      | Reached XP level 2. HP: 25/25 MP: 4/4
   435 | D:1      | Reached skill level 3 in Armour
   660 | D:1      | Gained mutation: You are frail. (-10% HP) [potion of
                  | mutation]
   660 | D:1      | Gained mutation: You have large cloven feet. [potion of
                  | mutation]
   660 | D:1      | Gained mutation: You have sharp fingernails. [potion of
                  | mutation]
   661 | D:1      | Lost mutation: You are frail. (-10% HP) [potion of
                  | mutation]
   661 | D:1      | Lost mutation: You have large cloven feet. [potion of
                  | mutation]
   661 | D:1      | Lost mutation: You have sharp fingernails. [potion of
                  | mutation]
   661 | D:1      | Gained mutation: Your body sometimes deteriorates upon
                  | taking damage. [potion of mutation]
   661 | D:1      | Gained mutation: You are frail. (-10% HP) [potion of
                  | mutation]
   661 | D:1      | Gained mutation: Your system is resistant to poisons.
                  | (rPois) [potion of mutation]
   662 | D:1      | Quit the game

Illustrated notes

Levels and vault maps discovered:
D:1:      eino_arrival_cavern_e, layout_basic, chequers_ecumenical_altar_island,
          minmay_tromino_i4

Skill      XL: |  1  2 |
---------------+-------+-----
Axes           | 2 |  2.2
Armour         | 3 |  3.0
Fighting       | |  2.9
Dodging        | |  0.7
Shields        | |  2.8

Action                     || total
---------------------------++-------
  Melee: War axe           ||    43
    Use: Scroll            ||     4
         Potion            ||     2
 Armour: Scale mail        ||    32
  Dodge: Dodged            ||    23
  Block: Buckler           ||     9

Table legend: (Time is in decaauts)
 A = Elapsed time spent in this place.
 B = Non-inter-level travel time spent in this place.
 C = Inter-level travel time spent in this place.
 D = Time resting spent in this place.
 E = Time spent auto-exploring this place.
 F = Levels seen in this place.
 G = Mean time per level.
                   A        B        C        D        E       F      G
               +--------+--------+--------+--------+--------+-----+--------+
         Total |    687 |    687 |      0 |      0 |    566 |   1 |  687.0 |
       Dungeon |    687 |    687 |      0 |      0 |    566 |   1 |  687.0 |
               +--------+--------+--------+--------+--------+-----+--------+

Top non-repeatable levels by time:
     D:1: 687 daAuts
